AoeStats
← scottysimo

Pilgrims

509185907Analyzed
3v3 RM · 5d ago on Sep 25, 2026· 45m 54s· 6 players
Game mode
Random Map
Map size
Normal (6 player)
Population
200
Speed
Normal
Resources
Standard
Victory
Conquest
Starting age
Dark Age
Ending age
Imperial Age
RankedLock teamsTeams togetherTeam positionsShared explorationLock speedFull tech treeHidden civsTurbo modeCheats
Victory
Defeat
🇬🇧 Sicilians · United Kingdom
1001
+17
🇵🇱 Dravidians · Poland
983
+17
🇬🇧 Varangians · United Kingdom
952
+19
🇮🇹 Lithuanians · Italy
1085
-20
🇮🇹 Ethiopians · Italy
1080
-21
🇮🇹 Bohemians · Italy
869
-12
Erasmo
3:50 Loom
8:50 Feudal Age
16:22 Castle Age
15:52 Forging
17:47 Double-Bit Axe
23:12 Scale Barding Armor
23:51 Husbandry
24:49 Gold Mining
26:12 Wheelbarrow
25:27 Town Watch
30:35 Bow Saw
30:08 Horse Collar
31:24 Bloodlines
32:36 Iron Casting
33:31 Chain Barding Armor
36:11 Hand Cart
36:33 Fletching
38:18 Bodkin Arrow
42:52 Ballistics
42:14 Treadmill Crane
45:41 Stone Mining
Akimbo_Slice
11:37 Feudal Age
13:57 Loom
18:49 Castle Age
20:21 Wheelbarrow
24:05 Horse Collar
28:25 Pikeman
31:31 Wheelbarrow
34:23 Double-Bit Axe
38:58 Imperial Age
37:29 Bow Saw
39:14 Forging
39:05 Padded Archer Armor
39:32 Halberdier
40:51 Iron Casting
41:16 Hand Cart
41:44 Ballistics
41:22 Murder Holes
44:33 Blast Furnace
43:49 Leather Archer Armor
46:10 Scale Mail Armor
Giozy
7:48 Loom
11:23 Feudal Age
11:52 Double-Bit Axe
14:33 Stone Mining
19:27 Castle Age
17:23 Gold Mining
17:43 Horse Collar
18:57 Scale Mail Armor
19:08 Forging
20:33 Demolition Ship
24:03 Medium Warships
25:35 Wheelbarrow
27:03 Iron Casting
26:30 Town Watch
31:34 Gold Shaft Mining
31:20 Hand Cart
33:14 Chain Mail Armor
37:00 Imperial Age
36:36 Fletching
37:09 Bow Saw
37:30 Town Patrol
39:09 Blast Furnace
38:48 Heavy Plow
39:22 Squires
40:12 Plate Mail Armor
40:53 Two-Man Saw
40:32 Stone Shaft Mining
40:28 Halberdier
KCPR
3:37 Loom
10:13 Feudal Age
11:50 Wheelbarrow
11:03 Double-Bit Axe
13:46 Horse Collar
18:16 Castle Age
17:10 Gold Mining
17:40 Scale Barding Armor
17:47 Bloodlines
19:02 Husbandry
22:11 Heavy Plow
22:23 Bow Saw
23:43 Fishing Lines
25:08 Hand Cart
32:22 Imperial Age
31:31 Chain Barding Armor
31:22 Forging
32:50 Town Watch
33:51 Plate Barding Armor
32:38 Cavalier
38:34 Vendel Legacy
39:35 Conscription
39:55 Iron Casting
IM JIMMY. BOT JIMMY
13:12 Feudal Age
11:30 Loom
13:43 Fishing Lines
15:38 Fletching
17:53 Horse Collar
17:59 Double-Bit Axe
18:43 Padded Archer Armor
21:34 Castle Age
20:10 Wheelbarrow
21:34 Gold Mining
22:42 Gillnets
23:03 Medium Warships
22:13 Demolition Ship
24:45 Heavy Plow
24:56 Bow Saw
26:36 Clinker Construction
26:39 Careening
26:35 Siphons
27:02 Squires
28:40 Hand Cart
32:26 Imperial Age
33:36 Heavy Warships
32:32 Heavy Demolition Ship
33:36 Caravan
34:06 Coinage
32:59 Pikeman
34:41 Chemistry
34:03 Ballistics
34:11 Dry Dock
34:12 Carvel Hull
33:48 Murder Holes
34:16 Shipwright
34:02 Bodkin Arrow
34:28 Leather Archer Armor
36:04 Masonry
35:55 Elite Cannon Galleon
40:02 Two-Man Saw
39:07 Bracer
40:52 Ring Archer Armor
40:33 Forging
40:34 Thumb Ring
39:55 Elite Skirmisher
41:55 Town Watch
42:02 Elite Elephant Archer
44:05 Iron Casting
42:52 Halberdier
43:17 Arson
scottysimo
6:13 Loom
10:49 Feudal Age
13:48 Town Watch
16:17 Castle Age
16:53 Wheelbarrow
17:22 Fletching
19:17 Bodkin Arrow
21:23 Town Patrol
21:37 Double-Bit Axe
22:26 Scale Mail Armor
22:37 Forging
26:09 Bow Saw
26:44 Hand Cart
26:55 Horse Collar
28:22 Heavy Plow
33:01 Imperial Age
31:36 Pikeman
36:51 Iron Casting
35:59 Elite Serjeant
38:51 Blast Furnace
41:24 Ballistics
42:05 Chemistry
41:09 Bracer
41:25 Chain Mail Armor
Connection lost

Rejoining the realm…

Still unreachable

The connection could not be restored.

Session expired

The server has moved on; the page needs a fresh start.